 Dungeon Crawl Stone Soup version 0.29-a0-892-g2c4c91d9db (webtiles) character file.

Game seed: 16524217125124769126

28525 Aurophilus the Severer (level 13, -2/122 HPs)
             Began as a Minotaur Fighter on July 22, 2022.
             Was the Champion of Okawaru.
             Shot with an arrow by Nessos (4 damage)
             ... on level 14 of the Dungeon.
             The game lasted 00:42:57 (15311 turns).

Aurophilus the Severer (Minotaur Fighter)          Turns: 15311, Time: 00:42:57

Health: -2/122     AC: 36    Str: 26    XL:     13   Next: 10%
Magic:  17/17      EV:  9    Int:  5    God:    Okawaru [******]
Gold:   896        SH: 10    Dex: 13    Spells: 12/12 levels left

rFire   . . .      SeeInvis .   y - +9 mace of Qocobu {protect, Drain rC++ Dex+3 Stlth+}
rCold   + + .      Faith    +   c - +3 buckler
rNeg    . . .      Spirit   .   G - +0 plate armour {Will+}
rPois   .          Reflect  .   (helmet restricted)
rElec   .          Harm     .   m - +2 cloak
rCorr   .          Rampage  +   w - +2 pair of gloves
Will    +....                   P - +2 pair of boots {rampage}
Stlth   ..........              o - amulet of faith
HPRegen 0.30/turn               A - +4 ring of protection
MPRegen 0.15/turn               S - +4 ring of protection

@: lethally poisoned (-2 -> -19), heroic, studying Poison Magic
A: horns 2, retaliatory headbutt
a: Renounce Religion, Heroism, Finesse, Duel


You were on level 14 of the Dungeon.
You worshipped Okawaru.
Okawaru was exalted by your worship.
You visited 2 branches of the dungeon, and saw 15 of its levels.

You collected 1261 gold pieces.
You spent 365 gold pieces at shops.

Inventory:

Hand Weapons
 y - the +9 mace of Qocobu (weapon) {protect, Drain rC++ Dex+3 Stlth+}
   (You took it off an orc priest on level 8 of the Dungeon)

   It grants its wielder temporary protection when it strikes (+7 to AC).
   Dex:       It affects your dexterity (+3).
   rC:        It greatly protects you from cold.
   Drain:     It drains your maximum health when unequipped.
   Stlth:     It makes you more stealthy.
 N - a +2 vorpal war axe
 U - the +1 broad axe "Acarine's Funeral" {vorpal, *Slow rElec Int+8}
   (Okawaru gifted it to you on level 14 of the Dungeon)

   It inflicts extra damage upon your enemies.
   Int:       It affects your intelligence (+8).
   rElec:     It insulates you from electricity.
   *Slow:     It may slow you when you take damage.
Missiles
 v - 3 throwing nets (quivered)
Armour
 c - a +3 buckler (worn)
 m - a +2 cloak (worn)
 u - the +1 scale mail "Kyobbad" {rPois rF+ Will+}
   (You found it on level 5 of the Dungeon)

   rF:        It protects you from fire.
   rPois:     It protects you from poison.
   Will:      It increases your willpower.
 w - a +2 pair of gloves (worn)
 G - a +0 plate armour of willpower (worn)
 P - a +2 pair of boots of rampaging (worn)
Jewellery
 i - a +4 ring of evasion
 o - an amulet of faith (around neck)
 r - a ring of magical power
 A - a +4 ring of protection (left hand)
 B - an amulet of magic regeneration
 C - a ring of ice
 I - a ring of fire
 K - a ring of ice
 L - a ring of wizardry
 S - a +4 ring of protection (right hand)
Wands
 j - a wand of roots (15)
 p - a wand of acid (15)
 s - a wand of flame (65)
 t - a wand of paralysis (9)
Scrolls
 e - 3 scrolls of blinking
 f - 5 scrolls of teleportation
 x - 2 scrolls of amnesia
 E - a scroll of magic mapping
 F - 7 scrolls of identify
 H - 5 scrolls of poison
 Q - a scroll of silence
 T - a scroll of fear
Potions
 a - a potion of might
 b - a potion of invisibility
 d - a potion of flight
 g - 3 potions of lignification
 h - 5 potions of cancellation
 k - a potion of berserk rage
 l - a potion of curing
 n - a potion of attraction
 q - 3 potions of brilliance
 z - a potion of resistance
 D - 2 potions of magic
 J - 2 potions of heal wounds
 O - a potion of mutation {unknown}
 R - a potion of ambrosia
Miscellaneous
 M - a phial of floods


   Skills:
 * Level 13.1(18.1) Fighting
 - Level 16.3(22.1) Axes
 + Level 8.3(18.3) Maces & Flails
 + Level 10.8(15.8) Armour
 + Level 8.3(13.3) Shields
 * Level 6.8 Invocations


You had 12 spell levels left.
You didn't know any spells.
Your spell library contained the following spells:

 Spells                   Type           Power      Damage    Failure   Level
 Shock                    Conj/Air       0%         1d3       99%         1
 Blink                    Tloc           0%         N/A       99%         2
 Poisonous Vapours        Pois/Air       0%         N/A       99%         2
 Swiftness                Air            0%         N/A       100%        3
 Airstrike                Air            0%         0-1+      100%        4
 Corpse Rot               Necr/Pois/Air  0%         N/A       100%        4
 Borgnjor's Vile Clutch   Necr/Erth      0%         N/A       100%        5
 Manifold Assault         Tloc           0%         N/A       100%        5
 Orb of Destruction       Conj           0%         9d5       100%        7
 Storm Form               Tmut/Air       0%         N/A       100%        7
 Summon Guardian Golem    Hex/Summ       Unusable   N/A       N/A         3
 Animate Dead             Necr           Unusable   N/A       N/A         4
 Death Channel            Necr           Unusable   N/A       N/A         6
 Spellforged Servitor     Conj/Summ      Unusable   N/A       N/A         7

Dungeon Overview and Level Annotations

Branches:
Dungeon (14/15)            Temple (1/1) D:6            Lair (0/5) D:11
    Orc (0/2) D:12         Vaults (0/5) D:13

Altars:
Cheibriados
Fedhas
Gozag
Hepliaklqana
Kikubaaqudgha
Makhleb
Okawaru
Ru
Trog
Uskayaw
Vehumet
Wu Jian
Xom
Yredelemnul
Zin
The Shining One

Shops:
D:12 ![

Annotations:
D:1 2 transporters
D:10 2 transporters
D:12 2 runed translucent doors, exclusion: orange crystal statue
D:14 Nessos


Innate Abilities, Weirdness & Mutations

You have a pair of horns on your head.
You reflexively headbutt those who attack you in melee.


Message History

Nessos blinks!
Nessos gestures wildly while chanting.
Nessos blinks!
You feel better.
Nessos wields a +3 longbow of flaming.
It bursts into flame!
Nessos shoots an arrow.
You block the arrow.
Nessos shoots an arrow.
The arrow hits you but does no damage.
Nessos gestures wildly while chanting.
Nessos blinks!
Nessos shoots an arrow.
The arrow hits you! The arrow burns you.
You are poisoned.
* * * LOW HITPOINT WARNING * * *
Nessos shoots an arrow.
The arrow hits you!
* * * LOW HITPOINT WARNING * * *
The arrow burns you.
You are lethally poisoned!
* * * LOW HITPOINT WARNING * * *
You feel much better.
You feel extremely sick.
Nessos shoots an arrow.
The arrow hits you.
* * * LOW HITPOINT WARNING * * *
The arrow burns you.
* * * LOW HITPOINT WARNING * * *
Nessos casts a spell.
Nessos blinks!
You feel very sick.
Nessos shoots an arrow.
The arrow hits you!!
* * * LOW HITPOINT WARNING * * *
The arrow burns you.
You are more poisoned.
* * * LOW HITPOINT WARNING * * *
Nessos shoots an arrow.
The arrow hits you but does no damage.
You feel better.
Nessos shoots an arrow.
The arrow hits you but does no damage.
Nessos mumbles some strange words.
Nessos blinks!
Nessos shoots an arrow.
The arrow hits you but does no damage.
Nessos shoots an arrow.
The arrow hits you!
* * * LOW HITPOINT WARNING * * *
The arrow burns you.
You are lethally poisoned!
You die...

.....#.....# #........#..###..#
.....#.....# #........#..#....#
.....#.....#...#........#..#....#
.....#.....#...#.$......#..#....#
.....#.....#...#........#..#.....
.....#.....#...+........#..#.....
.....#.....#...#........#..#.....
###'##.....#...#†.......#..'.....
..........##...#@########..#..<..
..........#................#.....
..........#................#.....
..........#.........c.§....#.....
..........#..#######+##...)#.....
..........#..#........#....#.....
..........#..#........#....#.....
..........##(#........#....#...##
...........#.#####'####....#...#.


You could see Nessos (fast).

Vanquished Creatures
  A boulder beetle (D:11)
  2 hydras (D:13)
  3 centaur warriors (D:14)
  A fire crab (shapeshifter) (D:13)
  The ghost of gdog the Covert, a novice GnDe of Gozag (D:6)
  Lodul (D:13)
  Pikel (D:7)
  2 deep elf pyromancers (D:13)
  6 ugly things
  3 cyclopes
  3 manticores
  A cyclops (shapeshifter) (D:12)
  2 kobold demonologists
  3 unseen horrors
  An efreet (D:13)
  5 trolls
  A meliai (shapeshifter) (D:13)
  A polar bear (shapeshifter) (D:13)
  3 slime creatures (D:12)
  A wolf spider simulacrum (D:13)
  3 hornets
  2 dream sheep (D:13)
  4 yaks (D:11)
  3 wraiths
  6 wyverns
  A basilisk (D:13)
  4 steam dragons
  22 vampire mosquitoes
  2 acid dragons (D:11)
  6 water moccasins
  2 orc warriors
  4 black bears
  An ice beast (D:6)
  11 ogres
  A sky beast (D:8)
  9 centaurs
  4 lemures (D:7)
  8 kobold brigands
  A phantom (D:4)
  Blork the orc (D:5)
  3 necrophages
  7 bullfrogs
  3 scorpions
  2 gnoll sergeants
  5 wights
  8 killer bees
  5 howler monkeys
  3 jellies
  5 orc priests
  8 hounds
  Jessica (D:3)
  2 iguanas (D:4)
  18 orc wizards
  14 gnolls
  12 adders
  2 white imps (D:5)
  2 ufetubi
  3 worms
  A dart slug (D:5)
  46 orcs
  10 endoplasms
  A giant cockroach (D:1)
  13 goblins
  14 hobgoblins
  4 jackals (D:3)
  9 kobolds
  5 quokkas
  7 ball pythons
  6 bats
  2 frilled lizards
  7 rats
365 creatures vanquished.

Vanquished Creatures (others)
  2 sky beasts (D:8)
  An ufetubus (D:6)
  2 fungi (D:11)
  6 plants (D:11)
11 creatures vanquished.

Grand Total: 376 creatures vanquished

Notes
Turn   | Place    | Note
-------+----------+-------------------------------------------
     0 | D:1      | Aurophilus the Minotaur Fighter began the quest for the
                  | Orb.
     0 | D:1      | Reached XP level 1. HP: 19/19 MP: 0/0
   140 | D:1      | Reached XP level 2. HP: 27/27 MP: 1/1
   534 | D:1      | Reached skill level 3 in Axes
   729 | D:2      | Reached XP level 3. HP: 33/33 MP: 2/2
   915 | D:2      | Found a faded altar of an unknown god.
  1197 | D:2      | Reached XP level 4. HP: 41/41 MP: 3/3
  1276 | D:3      | Reached skill level 4 in Axes
  1465 | D:3      | You fall into a shaft and drop 1 floor!
  1661 | D:4      | Reached skill level 5 in Axes
  1661 | D:4      | Reached XP level 5. HP: 46/47 MP: 4/4
  1736 | D:3      | Reached skill level 5 in Fighting
  1756 | D:3      | Reached XP level 6. HP: 54/56 MP: 5/5
  1777 | D:3      | Reached skill level 6 in Axes
  1959 | D:3      | Noticed Jessica
  1965 | D:3      | Killed Jessica
  2200 | D:3      | Reached skill level 7 in Axes
  2434 | D:4      | Reached XP level 7. HP: 14/61 MP: 6/6
  2730 | D:4      | Reached skill level 5 in Armour
  2948 | D:4      | Reached skill level 8 in Axes
  3085 | D:5      | Entered Level 5 of the Dungeon
  3085 | D:5      | Noticed Blork the orc
  3094 | D:5      | Killed Blork the orc
  3253 | D:5      | Reached XP level 8. HP: 59/71 MP: 7/7
  3278 | D:5      | Reached skill level 9 in Axes
  3325 | D:5      | Identified the +1 scale mail "Kyobbad" {rPois rF+ Will+}
  3824 | D:6      | Reached skill level 10 in Axes
  3868 | D:6      | Reached skill level 5 in Shields
  3890 | D:6      | Reached XP level 9. HP: 47/79 MP: 8/8
  4169 | D:6      | Found a runed translucent door.
  4187 | D:6      | Found a runed translucent door.
  4191 | D:6      | Reached skill level 11 in Axes
  4194 | D:6      | Noticed gdog's ghost (novice GnDe)
  4222 | D:6      | Killed gdog's ghost
  4223 | D:6      | Reached skill level 12 in Axes
  4467 | D:6      | Found a staircase to the Ecumenical Temple.
  4475 | Temple   | Entered the Ecumenical Temple
  4511 | Temple   | Became a worshipper of Warmaster Okawaru
  4973 | D:7      | Noticed a troll
  4974 | D:7      | Found a glowing silver altar of Zin.
  4981 | D:7      | Killed a troll
  4981 | D:7      | Reached * piety under Okawaru
  5318 | D:7      | Identified the +5 mace "Xaaleuq" {vorpal, rN+}
  5336 | D:7      | Noticed Pikel
  5370 | D:7      | Killed Pikel
  5371 | D:7      | Reached skill level 13 in Axes
  5371 | D:7      | Reached XP level 10. HP: 81/91 MP: 9/9
  5956 | D:8      | Paralysed by a hornet for 2 turns
  6450 | D:8      | Identified the +9 mace of Qocobu {protect, Drain rC++ Dex+3
                  | Stlth+}
  6455 | D:8      | Reached skill level 1 in Invocations
  6479 | D:8      | Reached ** piety under Okawaru
  6992 | D:8      | Found a shimmering altar of Xom.
  6993 | D:8      | Found a hide-covered altar of Uskayaw.
  6995 | D:8      | Found an opulent altar of Gozag.
  6996 | D:8      | Found a sacrificial altar of Ru.
  7696 | D:9      | Reached skill level 14 in Axes
  7804 | D:9      | Identified the +0 leather armour of Inquiry {Int+7}
  7822 | D:9      | Found a burning altar of Makhleb.
  7822 | D:9      | Noticed a balrug
  8024 | D:9      | Paralysed by a hornet for 3 turns
  8028 | D:9      | Reached *** piety under Okawaru
  8581 | D:10     | Entered Level 10 of the Dungeon
  9087 | D:10     | Found a transporter.
  9091 | D:10     | Noticed a fire crab
  9143 | D:10     | Noticed an orc sorcerer
  9167 | D:10     | Found a transporter.
  9386 | D:10     | Identified the +0 robe of Birdsong {Contam Str+6}
  9558 | D:11     | Reached skill level 10 in Fighting
  9736 | D:11     | Reached **** piety under Okawaru
  9737 | D:11     | Reached XP level 11. HP: 88/99 MP: 12/12
  9764 | D:11     | Reached skill level 15 in Axes
  9783 | D:11     | Found a staircase to the Lair.
 10168 | D:11     | Noticed a purple ugly thing
 10185 | D:11     | Killed a purple ugly thing
 10474 | D:11     | Reached ***** piety under Okawaru
 10641 | D:11     | Noticed a boulder beetle
 10677 | D:11     | Killed a boulder beetle
 11179 | D:12     | Received a gift from Okawaru
 11256 | D:12     | Noticed a white ugly thing
 11261 | D:12     | Killed a white ugly thing
 11406 | D:12     | Found Osoohaunk's Distillery.
 11411 | D:12     | Reached skill level 16 in Axes
 11448 | D:12     | Found a runed translucent door.
 11465 | D:12     | Found a runed translucent door.
 11630 | D:12     | Found a runed translucent door.
 11644 | D:12     | Found a runed translucent door.
 11648 | D:12     | Noticed an orange crystal statue
 11690 | D:12     | Noticed an eight-headed hydra
 12115 | D:12     | Reached XP level 12. HP: 111/111 MP: 14/14
 12135 | D:12     | Reached skill level 1 in Maces & Flails
 12135 | D:12     | Reached skill level 5 in Invocations
 12315 | D:12     | Found Umaa's Armour Shop.
 12316 | D:12     | Found a staircase to the Orcish Mines.
 12340 | D:12     | Bought a +2 pair of boots of rampaging for 365 gold pieces
 12618 | D:13     | Noticed a five-headed hydra
 12632 | D:13     | Killed a five-headed hydra
 12633 | D:13     | Reached skill level 10 in Armour
 13216 | D:13     | Reached ****** piety under Okawaru
 13217 | D:13     | Found a gate to the Vaults.
 13242 | D:13     | Noticed Lodul
 13282 | D:13     | Killed Lodul
 13576 | D:13     | Received a gift from Okawaru
 13589 | D:13     | Reached skill level 5 in Maces & Flails
 14090 | D:13     | Noticed a three-headed hydra
 14097 | D:13     | Killed a three-headed hydra
 14752 | D:14     | Noticed a centaur warrior
 14761 | D:14     | Killed a centaur warrior
 14863 | D:14     | Noticed a centaur warrior
 14870 | D:14     | Killed a centaur warrior
 14870 | D:14     | Identified the +1 broad axe "Acarine's Funeral" {vorpal,
                  | *Slow rElec Int+8} (Okawaru gifted it to you on level 14 of
                  | the Dungeon)
 14870 | D:14     | Received a gift from Okawaru
 14871 | D:14     | Reached XP level 13. HP: 100/122 MP: 15/17
 15286 | D:14     | Noticed Nessos
 15311 | D:14     | HP: 2/122 [Nessos/arrow (15)]
 15311 | D:14     | Shot with an arrow by Nessos

Illustrated notes

Levels and vault maps discovered:
D:1:      spicycebolla_arrival_transporter_tutorial, layout_basic,
          kennysheep_crisscross
D:2:      layout_basic, basic_ecumenical_altar
D:3:      layout_basic, minmay_fractal_squares_gapless_5, uniq_jessica
D:4:      layout_basic
D:5:      layout_rooms, uniq_blork_the_orc
D:6:      layout_gridville, minmay_temple_entry_gardened_gates,
          ebering_ghost_sewer_f, nrook_campfire, minmay_misc_feat_doors
D:7:      layout_basic, overflow_temple_1_default, nicolae_zen_rock_garden,
          uniq_pikel
D:8:      layout_loops_cross, mainiacjoe_overflow_alcove_3, hangedman_misty_isle
D:9:      layout_loops_ring, makhleb_altar_promises_db, fountainhead
D:10:     gammafunk_wand_slinger, layout_stronghold,
          chequers_serial_rivers_micro_c, nrook_loot_triangle
D:11:     layout_irregular_city, minmay_lair_entry_grove
D:12:     layout_roguey, orc_david_3, serial_shops, shop,
          minmay_statue_crystal_thing
D:13:     layout_roguey, david_vaults_2, hangedman_ranch, uniq_lodul
D:14:     layout_irregular_city, uniq_nessos
Temple:   nicolae_temple_superstar

Skill      XL: |  1  2  3  4  5  6  7  8  9 10 11 12 |
---------------+-------------------------------------+-----
Fighting       | 4 5 6 7 9 10 11 13 | 13.1
Axes           | 3 5 7 8 10 13 14 16 | 16.3
Shields        | 4 5 6 7 8 |  8.3
Armour         | 4 5 6 7 8 9 10 | 10.8
Invocations    | 3 4 6 |  6.8
Maces & Flails | 8 |  8.3

Action                   |  1- 3 |  4- 6 |  7- 9 | 10-12 | 13-15 || total
-------------------------+-------+-------+-------+-------+-------++-------
Melee: War axe           |    76 |   128 |   223 |   411 |       ||   838
       Headbutt          |     4 |    23 |    41 |   160 |     4 ||   232
       Mace              |       |       |       |   306 |    34 ||   340
Invok: Heroism           |       |       |       |     5 |     1 ||     6
  Use: Scroll            |     4 |     6 |     9 |    12 |       ||    31
       Potion            |       |       |     1 |     1 |     3 ||     5
Armor: Scale mail        |    39 |    41 |    67 |    36 |       ||   183
       Plate armour      |       |       |       |   406 |    63 ||   469
Dodge: Dodged            |    49 |    79 |   131 |   272 |    24 ||   555
Block: Buckler           |    22 |    32 |    72 |   253 |    35 ||   414

Table legend: (Time is in decaauts)
 A = Elapsed time spent in this place.
 B = Non-inter-level travel time spent in this place.
 C = Inter-level travel time spent in this place.
 D = Time resting spent in this place.
 E = Time spent auto-exploring this place.
 F = Levels seen in this place.
 G = Mean time per level.
                   A        B        C        D        E       F      G
               +--------+--------+--------+--------+--------+-----+--------+
         Total |  15260 |  14830 |    430 |   1326 |  10713 |  15 | 1017.3 |
       Dungeon |  15212 |  14793 |    419 |   1326 |  10691 |  14 | 1086.6 |
        Temple |     48 |     37 |     11 |      0 |     22 |   1 |   48.0 |
               +--------+--------+--------+--------+--------+-----+--------+

Top non-repeatable levels by time:
    D:13: 2053 daAuts
    D:11: 1569 daAuts
     D:7: 1565 daAuts
    D:12: 1322 daAuts
     D:8: 1306 daAuts
     D:4: 1231 daAuts
     D:9: 1040 daAuts
    D:10: 967 daAuts
     D:6: 899 daAuts
     D:3: 759 daAuts
     D:1: 724 daAuts
    D:14: 716 daAuts
     D:2: 578 daAuts
     D:5: 478 daAuts
  Temple: 48 daAuts
